 Dungeon Crawl Stone Soup version 0.28.0-45-g0d030f2227 (webtiles) character file.

Game seed: 16480504997171124311

585 101zpm the Shield-Bearer (level 7, -6/43 HPs)
             Began as a Gargoyle Fighter on Apr 10, 2022.
             Mangled by Duvessa
             ... wielding a +0 short sword
              (7 damage)
             ... on level 4 of the Dungeon.
             The game lasted 00:08:13 (4599 turns).

101zpm the Shield-Bearer (Gargoyle Fighter)         Turns: 4599, Time: 00:08:14

Health: -6/43      AC: 16    Str: 21    XL:     7   Next: 37%
Magic:  0/7        EV:  7    Int:  9    God:
Gold:   170        SH: 12    Dex:  9    Spells: 6/6 levels left

rFire   . . .      SeeInvis .   s - +8 spear "Ketacruf" {speed, rPois}
rCold   + . .      Faith    .   k - +0 tower shield
rNeg    + . .      Spirit   +   o - +4 ring mail {rC+}
rPois   ∞          Reflect  .   (no helmet)
rElec   +          Harm     .   r - scarf {repulsion}
rCorr   .          Rampage  .   u - +0 pair of gloves
Will    .....                   (no boots)
Stlth   +.........              e - amulet of guardian spirit
HPRegen 0.14/turn               (no ring)
MPRegen 0.10/turn               (no ring)

@: repel missiles
A: sickness immunity, AC +4, negative energy resistance 1, electricity
resistance, torment resistance 1, petrification resistance
a: no special abilities


You were on level 4 of the Dungeon.
You visited 1 branch of the dungeon, and saw 5 of its levels.

You collected 170 gold pieces.

Inventory:

Hand Weapons
 a - a +0 flail
 m - a +2 dagger of venom
 s - the +8 spear "Ketacruf" (weapon) {speed, rPois}
   (You found it on level 4 of the Dungeon)

   Attacks with this weapon are significantly faster.
   rPois:     It protects you from poison.
Missiles
 l - 196 stones (quivered)
 n - 8 poisoned darts
Armour
 g - a +0 pair of gloves
 k - a +0 tower shield (worn)
 o - a +4 ring mail of cold resistance (worn)
 r - a scarf of repulsion (worn)
 u - a +0 pair of gloves (worn)
Jewellery
 e - an amulet of guardian spirit (around neck)
Wands
 c - a wand of paralysis (5)
Scrolls
 f - a scroll of blinking {unknown}
 i - 4 scrolls of identify {unknown}
 q - a scroll of summoning {unknown}
 t - a scroll of enchant weapon {unknown}
Potions
 b - a potion of brilliance {unknown}
 d - 2 potions of might
 h - a potion of degeneration {unknown}
 j - a potion of lignification {unknown}
 p - a potion of heal wounds


   Skills:
 + Level 4.3 Fighting
 + Level 1.7 Short Blades
 + Level 3.5 Maces & Flails
 + Level 2.0 Polearms
 + Level 4.7 Armour
 + Level 2.1 Dodging
 + Level 1.4 Stealth
 + Level 4.7 Shields


You had 6 spell levels left.
You didn't know any spells.
Your spell library contained the following spells:

 Spells                   Type           Power      Damage    Failure   Level
 Blink                    Tloc           0%         N/A       100%        2
 Conjure Flame            Conj/Fire      0%         6-21      100%        3
 Ignite Poison            Fire/Tmut/Pois 0%         N/A       100%        3
 Mephitic Cloud           Conj/Pois/Air  0%         N/A       100%        3
 Sticky Flame             Conj/Fire      0%         2d3       100%        4
 Freezing Cloud           Conj/Ice/Air   0%         6-21      100%        5
 Manifold Assault         Tloc           0%         N/A       100%        5
 Storm Form               Tmut/Air       0%         N/A       100%        7
 Chain Lightning          Conj/Air       0%         N/A       100%        9
 Fire Storm               Conj/Fire      0%         5d1       100%        9
 Shatter                  Erth           0%         3d5*      100%        9


Dungeon Overview and Level Annotations

Branches:
Dungeon (5/15)
 Temple: D:4-7

Altars:
Wu Jian

Annotations:
D:4 Duvessa


Innate Abilities, Weirdness & Mutations

You are immune to sickness and miasma.
Your stone body is resilient. (AC +4)
You are immune to poison.
You resist negative energy. (rN+)
You are resistant to electric shocks. (rElec)
You are resistant to unholy torment.
You are immune to petrification.


Message History

You are too injured to fight recklessly!
You are too injured to fight recklessly!
You are too injured to fight recklessly!
You are too injured to fight recklessly!
You are too injured to fight recklessly!
You are too injured to fight recklessly!
You are too injured to fight recklessly!
You are too injured to fight recklessly!
You are too injured to fight recklessly!
You block Duvessa's attack.
There is a stone staircase leading up here.
Duvessa hits you with a +0 short sword.
You climb upwards.
There is a stone staircase leading down here.
You block Duvessa's attack. Duvessa hits you but does no damage.
You block Duvessa's attack. Duvessa hits you with a +0 short sword!
* * * LOW HITPOINT WARNING * * *
You block Duvessa's attack. Duvessa hits you but does no damage.
Duvessa completely misses you. Duvessa hits you with a +0 short sword.
* * * LOW HITPOINT WARNING * * *
You hear a shout!
You hit Duvessa but do no damage.
Duvessa is moderately wounded.
Duvessa hits you with a +0 short sword.
* * * LOW HITPOINT WARNING * * *
Duvessa hits you with a +0 short sword.
* * * LOW HITPOINT WARNING * * *
You hit Duvessa.
Duvessa is moderately wounded.
You block Duvessa's attack.
You hit Duvessa.
Duvessa is moderately wounded.
Duvessa hits you with a +0 short sword.
* * * LOW HITPOINT WARNING * * *
Duvessa hits you with a +0 short sword!
You die...

##.#...##..###..#####.#.#....
#.##...........# #.#.#.)_.
######.######.......#####...#..♣.
.......## #...............#....
######..# ##############..#....
##.# #.##.... #.#########
#.###.## #..#.#..#e########
#.###.#. ##.......#@.##...#
#.##..## #......####.[...#
#.##.### ##..#.## ###..)#
#....... ###### ##### ####.###
#....# ######


You could see Duvessa (berserk).

Vanquished Creatures
  Eustachio (D:3)
  A scorpion (D:4)
  Dowan (D:5)
  A bullfrog zombie (D:4)
  2 hounds (D:4)
  Crazy Yiuf (D:4)
  Terence (D:2)
  Ijyb (D:3)
  A killer bee zombie (D:4)
  2 hound skeletons (D:4)
  3 gnolls (D:2)
  3 adders
  An adder skeleton (D:4)
  A worm (D:2)
  7 bats
  7 endoplasms
  A giant cockroach (D:1)
  10 goblins
  3 hobgoblins
  6 jackals (D:1)
  3 quokkas
  5 ball pythons
  4 frilled lizards
  4 kobolds
  6 rats
76 creatures vanquished.

Notes
Turn   | Place    | Note
-------+----------+-------------------------------------------
     0 | D:1      | 101zpm the Gargoyle Fighter began the quest for the Orb.
     0 | D:1      | Reached XP level 1. HP: 14/14 MP: 1/1
    84 | D:1      | Reached XP level 2. HP: 17/19 MP: 2/2
   542 | D:1      | Reached XP level 3. HP: 23/23 MP: 3/3
  1239 | D:2      | Noticed Terence
  1256 | D:2      | Killed Terence
  1257 | D:2      | Reached XP level 4. HP: 4/29 MP: 1/4
  2699 | D:3      | Reached XP level 5. HP: 33/33 MP: 5/5
  2749 | D:3      | Found a faded altar of an unknown god.
  2980 | D:3      | Noticed Ijyb
  2981 | D:3      | Paralysed by Ijyb for 7 turns
  2996 | D:3      | Killed Ijyb
  3290 | D:4      | Reached skill level 1 in Dodging
  3319 | D:4      | Identified the +8 spear "Ketacruf" {speed, rPois}
  3389 | D:4      | Reached skill level 1 in Stealth
  3457 | D:4      | Reached skill level 1 in Short Blades
  3457 | D:4      | Reached XP level 6. HP: 37/38 MP: 6/6
  3785 | D:4      | Noticed Eustachio
  3786 | D:4      | Found an ornate altar of the Wu Jian Council.
  3924 | D:3      | Killed Eustachio
  3925 | D:3      | Reached skill level 1 in Polearms
  3925 | D:3      | Reached XP level 7. HP: 29/43 MP: 4/7
  4331 | D:4      | Found a runed translucent door.
  4332 | D:4      | Noticed Crazy Yiuf
  4481 | D:4      | Killed Crazy Yiuf
  4566 | D:5      | Entered Level 5 of the Dungeon
  4566 | D:5      | Noticed Dowan
  4567 | D:5      | Noticed Duvessa
  4573 | D:5      | Killed Dowan
  4599 | D:4      | HP: 1/43 [Duvessa/+0 short sword (4)]
  4599 | D:4      | Mangled by Duvessa

Illustrated notes

Levels and vault maps discovered:
D:1:      minmay_arrival_open_corners, layout_rooms,
          amcnicky_mini_rare_corridor_liquid, hangedman_decor_growths,
          minmay_misc_feat_alley
D:2:      layout_basic, grunt_ministairs_6, uniq_terence
D:3:      layout_rooms, shapermc_ecumenical_altar_petra, uniq_ijyb
D:4:      layout_loops_ring, nzn_wu_jian_contemplation, grunt_decor_arrowhead,
          uniq_crazy_yiuf_cottage, uniq_eustachio
D:5:      kennysheep_big_flooded_room, layout_loops_ring,
          lemuel_temple_firewalk_a, uniq_sigmund, uniq_duvessa

Skill      XL: |  1  2  3  4  5  6  7 |
---------------+----------------------+-----
Maces & Flails | 3 |  3.5
Armour         | 4 |  4.7
Shields        | 4 |  4.7
Dodging        | 1 2 |  2.1
Fighting       | 4 |  4.3
Stealth        | 1 |  1.4
Short Blades   | 1 |  1.7
Polearms       | 1 2 |  2.0

Action                   |  1- 3 |  4- 6 |  7- 9 || total
-------------------------+-------+-------+-------++-------
Melee: Flail             |   125 |    26 |       ||   151
       Dagger            |       |    54 |       ||    54
       Spear             |       |    76 |    18 ||    94
Throw: Stone             |       |       |     2 ||     2
Armor: Scale mail        |    55 |    15 |       ||    70
       Ring mail         |       |    74 |     4 ||    78
Dodge: Dodged            |    82 |    60 |     1 ||   143
Block: Buckler           |    39 |       |       ||    39
       Tower shield      |       |   108 |    14 ||   122
